 Dungeon Crawl Stone Soup version 0.21.1-1-g345015f (webtiles) character file.

17 tidbits the Charmwright (level 2, 24/39 HPs)
             Began as a Gnoll Skald on June 29, 2018.
             Quit the game on level 1 of the Dungeon.
             The game lasted 00:00:55 (78 turns).

tidbits the Charmwright (Gnoll Skald)                 Turns: 78, Time: 00:00:55

Health: 24/39      AC: 21    Str: 13    XL:     2   Next: 62%
Magic:  2/7        EV:  2    Int: 15    God:
Gold:   0          SH:  0    Dex: 14    Spells: 9/10 levels left

rFire    . . .     SeeInvis .   a - +0 hand axe
rCold    . . .     Gourm    .   (no shield)
rNeg     + + +     Faith    .   (armour currently unavailable)
rPois    +         Spirit   .   (helmet currently unavailable)
rElec    .         Reflect  .   (cloak currently unavailable)
rCorr    .         Harm     .   (gloves currently unavailable)
MR       .....     NoTele   +   (boots currently unavailable)
Stlth    +.........             (no amulet)
HPRegen  0.13/turn              (no ring)
MPRegen  0.10/turn              (no ring)

@: mildly poisoned (24 -> 16), tree-form, infused (expiring)
A: distributed training, strong nose
a: no special abilities


You were on level 1 of the Dungeon.
You were not hungry.
You were a tree.
You visited 1 branch of the dungeon, and saw 2 of its levels.

Inventory:

Hand Weapons
 a - a +0 hand axe (weapon)
Armour
 b - a +0 leather armour (melded)
Scrolls
 f - a scroll of amnesia {unknown}
 g - a scroll of teleportation {unknown}
Books
 c - a book of Battle

   Spells                             Type                      Level
   a - Infusion                       Charms                       1
   b - Shroud of Golubria             Charms/Translocation         2
   c - Song of Slaying                Charms                       2
   d - Spectral Weapon                Hexes/Charms                 3
   e - Regeneration                   Charms/Necromancy            3
Comestibles
 d - a ration


   Skills:
 + Level 4.5 Fighting
 + Level 0.4 Short Blades
 + Level 0.4 Long Blades
 + Level 4.5 Axes
 + Level 0.4 Maces & Flails
 + Level 0.4 Polearms
 + Level 0.4 Staves
 + Level 0.4 Slings
 + Level 0.4 Bows
 + Level 0.4 Crossbows
 + Level 0.4 Throwing
 + Level 2.5 Armour
 + Level 4.5 Dodging
 + Level 0.4 Stealth
 + Level 0.4 Shields
 + Level 0.4 Unarmed Combat
 + Level 4.9 Spellcasting
 + Level 0.2 Conjurations
 + Level 0.2 Hexes
 + Level 5.3 Charms
 + Level 0.2 Summonings
 + Level 0.2 Necromancy
 + Level 0.2 Translocations
 + Level 0.2 Transmutations
 + Level 0.2 Fire Magic
 + Level 0.2 Ice Magic
 + Level 0.2 Air Magic
 + Level 0.2 Earth Magic
 + Level 0.2 Poison Magic
 + Level 0.5 Invocations
 + Level 0.4 Evocations


You had 9 spell levels left.
You knew the following spells:

 Your Spells              Type           Power        Failure   Level  Hunger
i - Infusion              Chrm           ###.         1%          1    None


Dungeon Overview and Level Annotations

Branches:
Dungeon (2/15)

Altars:
Elyvilon


Innate Abilities, Weirdness & Mutations

Your experience applies equally to all skills.
((You have very sharp teeth.))
Your uncanny sense of smell can sniff out nearby items.


Message History

Found a staircase leading out of the dungeon.
A bat comes into view.
Casting: Infusion
Confirm with . or Enter, or press ? or * to list all spells.
You begin infusing your attacks with magical energy.
The bat closely misses you.
A rat, a hobgoblin and a kobold come into view.
The bat misses you.
Found a stone staircase leading down.
A frilled lizard comes into view.
The kobold shouts!
The bat closely misses you.
The frilled lizard hisses angrily.
The bat barely misses you. The rat bites you.
Found a bubbling blue potion.
Unknown command.
The bat closely misses you. The hobgoblin barely misses you.
Unknown command.
You hit the hobgoblin.
You bite the hobgoblin, but do no damage.
The hobgoblin is heavily wounded.
You hit the rat.
You kill the rat!
You closely miss the kobold. The bat misses you.
The hobgoblin barely misses you. The kobold barely misses you.
You hit the kobold!
You kill the kobold!
You hit the frilled lizard.
You kill the frilled lizard!
You hit the hobgoblin.
You kill the hobgoblin!
The bat hits you but does no damage.
You hit the bat.
You kill the bat!
There is a stone staircase leading down here.
Your magical infusion is running out.
Found a scroll labeled FESYLOVIAC.
You see here a bubbling blue potion.
e - a bubbling blue potion You are no longer magically infusing your attacks.
Found 8 gold pieces.
You see here a scroll labeled FESYLOVIAC.
f - a scroll labeled FESYLOVIAC
There is a stone staircase leading down here.
You climb downwards.
A rat comes into view.
There is a stone staircase leading up here.
You hit the rat but do no damage. You bite the rat.
The rat is moderately wounded.
The rat bites you.
You barely miss the rat. Your bite misses the rat.
The rat is moderately wounded.
The rat barely misses you.
You hit the rat.
You kill the rat!
Found a scroll labeled BOYC POITZAGHO.
Found a white marble altar of Elyvilon.
An adder comes into view.
Unknown command.
You see here a scroll labeled BOYC POITZAGHO.
g - a scroll labeled BOYC POITZAGHO A bat and a jackal come into view.
The bat moves out of view.
Unknown command.
Casting: Infusion
Confirm with . or Enter, or press ? or * to list all spells.
You begin infusing your attacks with magical energy.
The adder hisses angrily.
A bat and a jackal come into view.
The jackal barks!
You hit the bat.
You kill the bat!
You have reached level 2!
An adder and a jackal come into view.
The jackal barks!
The adder hisses angrily.
You hear a shout!
The adder bites you.
There is a stone staircase leading up here.
The adder closely misses you.
You climb upwards.
Your magical infusion is running out.
There is a stone staircase leading down here.
Unknown command.
You closely miss the adder. The adder barely misses you.
You hit the adder.
The adder is moderately wounded.
The adder misses you. The adder bites you.
You are poisoned.
The adder poisons you!
You hit the adder.
The adder is almost dead.
You feel sick. The adder bites you.
You are more poisoned.
The adder poisons you!
You hit the adder!
You kill the adder!
You feel sick.
It was a potion of lignification.
You turn into a tree.
Your +0 leather armour melds into your body.
Your roots penetrate the ground.
You feel sick.
Are you sure you want to abandon this character and quit the game? (Confirm with "yes".)

...... #.# #.#
#######..##.######.#####$#
.#≈≈≈≈≈................##.##
.≈≈≈≈≈....##.........#.....#
.≈≈≈≈.....$..8.....8.......#
.≈≈≈....(.#..........#.###.#
(≈≈.$..<..##.........#...#.#
.≈≈≈......##..)..†...#.#.#.##
.≈≈≈.(....##.†.†♣...........#
.≈≈≈≈..≈...#..........##.##.#
.#≈≈≈≈.≈≈##.[8.....8..##.# .#
#≈≈≈≈≈≈≈##...........#..# .#
#########......#.###.#.## .#
##.......# #... .# #.....###
###.# ## ####### #.# #.#


There were no monsters in sight!

Vanquished Creatures
  An adder (D:1)
  2 bats
  A hobgoblin (D:1)
  A kobold (D:1)
  A frilled lizard (D:1)
  2 rats
8 creatures vanquished.

Notes
Turn   | Place    | Note
-------+----------+-------------------------------------------
     0 | D:1      | tidbits the Gnoll Skald began the quest for the Orb.
     0 | D:1      | Reached XP level 1. HP: 20/20 MP: 6/6
    46 | D:2      | Found a white marble altar of Elyvilon.
    59 | D:2      | Reached XP level 2. HP: 26/26 MP: 3/7
    78 | D:1      | Quit the game

Action                   || total
-------------------------++-------
Melee: Hand axe          ||    11
       Bite              ||     2
 Cast: Infusion          ||     2
  Use: Potion            ||     1
Armor: Leather armour    ||     1
Dodge: Dodged            ||    13

Table legend:
 A = Turns spent in this place as a percentage of turns spent in the entire game.
 B = Non-inter-level travel turns spent in this place as a percentage of non-inter-level travel turns spent in the entire game.
 C = Inter-level travel turns spent in this place as a percentage of turns spent in this place.
 D = Turns resting spent in this place as a percentage of non-inter-level travel turns spent in this place.
 E = Turns spent auto-exploring this place as a percentage of non-inter-level travel turns spent in this place.
 F = Non-inter-level travel turns spent in this place divided by the number of levels of this place that you've seen.
                   A       B       C       D       E      F
               +-------+-------+-------+-------+-------+----------------------
         Total | 100.0 | 100.0 |   0.0 |   0.0 |   0.0 |  39.0
       Dungeon | 100.0 | 100.0 |   0.0 |   0.0 |   0.0 |  39.0
               +-------+-------+-------+-------+-------+----------------------

Table legend:
 A = Kills in this place as a percentage of kills in entire the game.
 B = Kills by you in this place as a percentage of kills by you in the entire game.
 C = Kills by friends in this place as a percentage of kills by friends in the entire game.
 D = Other kills in this place as a percentage of other kills in the entire game.
 E = Experience gained in this place as a percentage of experience gained in the entire game.
 F = Experience gained in this place divided by the number of levels of this place that you have seen.
                   A       B       C       D       E      F
               +-------+-------+-------+-------+-------+----------------------
         Total | 100.0 | 100.0 |   N/A |   N/A | 100.0 |  12.5
       Dungeon | 100.0 | 100.0 |   N/A |   N/A | 100.0 |  12.5
               +-------+-------+-------+-------+-------+----------------------

Vault maps used:
D:1:      dpeg_arrival_pond, st_stairs_1
D:2:      elyvilon_altar_5, nicolae_qazlal_general_emergency
